 Dungeon Crawl Stone Soup version bcrawl-1.21.3 (webtiles) character file.

Game seed: 11870671451498012496

15 MisterOstroum the Sneak (level 2, -2/20 HPs)
             Began as an Octopode Sloth Apostle on Apr 3, 2020.
             Was an Initiate of Cheibriados.
             Slain by an orc
             ... wielding a +0 mace
              (6 damage)
             ... on level 1 of the Dungeon.
             The game lasted 00:01:05 (1024 turns).

MisterOstroum the Sneak (Octopode Sloth Apostle)    Turns: 1024, Time: 00:01:05

Health: -2/20      AC:  1    Str: 12    XL:     2   Next: 50%
Magic:  1/3        EV: 12    Int: 15    God:    Cheibriados [......]
Gold:   41         SH:  0    Dex: 12    Spells: 2/3 levels left

rFire    . . .     SeeInvis .   a - +0 short sword
rCold    . . .     Gourm    .   (no shield)
rNeg     . . .     Faith    .   (helmet restricted)
rPois    .         Spirit   .   (cloak restricted)
rElec    .         Reflect  .   (no amulet)
rCorr    .         Harm     .   (no ring)
MR       .....                  (no ring)
Stlth    ++++......             (no ring)
HPRegen  0.06/turn              (no ring)
MPRegen  0.08/turn              (no ring)
                                (no ring)
                                (no ring)
                                (no ring)

@: very slow
A: almost no armour, stealthy swim, amphibious, 8 rings, constrict 8, camouflage
1, gelatinous body 1
a: Bend Time, Renounce Religion


You were on level 1 of the Dungeon.
You worshipped Cheibriados.
Cheibriados was noncommittal.
You were hungry.

You visited 1 branch of the dungeon, and saw 2 of its levels.

You collected 41 gold pieces.

Inventory:

Hand Weapons
 a - a +0 short sword (weapon)
Missiles
 f - 411 stones (quivered)
 g - 462 sling bullets
 i - 70 poisoned needles
Armour
 b - a +0 medium shield
Wands
 c - a wand of paralysis (10)
Scrolls
 d - a scroll of identify {unknown}
 h - a scroll of noise {unknown}
Comestibles
 e - 2 rations {!d}


   Skills:
 * Level 2.8 Fighting
 - Level 2.0 Short Blades
 + Level 0.8 Dodging
 - Level 4.4 Stealth
 - Level 2.0 Shields
 - Level 1.0 Spellcasting
 - Level 1.0 Hexes
 - Level 1.1 Evocations


You had 2 spell levels left.
You knew the following spells:

 Your Spells              Type           Power        Failure   Level  Hunger
a - Slow                  Hex            #.......     16%         1    ##.....
Your spell library was empty.

Dungeon Overview and Level Annotations

Branches:
Dungeon (2/12)

Altars:


Innate Abilities, Weirdness & Mutations

You cannot wear most types of armour.
You are very stealthy in the water. (Stealth+)
You are amphibious.
You can wear up to eight rings at the same time.
You can use your tentacles to constrict eight enemies at once.
Your skin changes colour to match your surroundings (Stealth+).
Your rubbery body absorbs attacks. (AC +1, EV +1)


Message History

No target in view!
You now have 30 gold pieces (gained 20).
You butcher the goblin corpse.
i - 6 chunks of flesh (gained 1)
Things that are here:
a +0 short sword; a +0 dagger; a goblin skeleton
Things that are here:
a +0 short sword; a +0 dagger; a goblin skeleton Some of the chunks of flesh in your inventory have rotted away.
Found a club.
You see here a club.
You now have 38 gold pieces (gained 8).
f - 234 stones (gained 148)
f - 413 stones (gained 179) All of the chunks of flesh in your inventory have rotted away.
You see here a club.
Key pressed, stopping explore.
Found a stone staircase leading down.
There is a stone staircase leading down here.
You now have 41 gold pieces (gained 3).
You see here 70 poisoned needles.
Key pressed, stopping explore.
No target in view!
No target in view!
No target in view!
No target in view!
No target in view!
No target in view!
No target in view!
No target in view!
Done exploring.
Done exploring.
Search for what [? for help]? .
You are feeling hungry.
There are no items here.
(D) Dungeon
Where to? (Enter - D:1 @ (x,y), ? - help)
You see here a +0 club.
You see here 70 poisoned needles.
i - 70 poisoned needles
(D) Dungeon
Where to? (Enter - D:1 @ (x,y), ? - help)
You see here a +0 club.
There is a stone staircase leading down here.
You climb downwards.
A ball python and a worm come into view.
There is a stone staircase leading up here.
There are monsters nearby!
There are monsters nearby!
There are monsters nearby!
An orc comes into view. It is wielding a +0 mace.
The ball python hisses angrily.
The orc shouts!
There is a stone staircase leading up here.
Throwing (i - inventory)
f - 413 stones (quivered)
Press: ? - help, Shift-Dir - straight line, f - ball python
Aim: a ball python You throw a stone.
The stone hits the ball python.
The ball python is moderately wounded.
Throwing (i - inventory)
f - 412 stones (quivered)
Press: ? - help, Shift-Dir - straight line, f/p - ball python
Aim: a ball python (moderately wounded)
You throw a stone. The stone hits the ball python.
The ball python is heavily wounded.
You hit the ball python.
You kill the ball python!
Cheibriados thoroughly appreciates the change of pace.
Unknown command.
Casting: Slow (safe; 16% risk of failure)
Confirm with . or Enter, or press ? or * to list all spells.
Aiming: Slow (safe; 16% risk of failure)
Press: ? - help, Shift-Dir - straight line, f - worm
Aim: a worm (chance to defeat MR: 45%)
The worm resists with some effort.
Casting: Slow (safe; 16% risk of failure)
Confirm with . or Enter, or press ? or * to list all spells.
Aiming: Slow (safe; 16% risk of failure)
Press: ? - help, Shift-Dir - straight line, f/p - worm
Aim: a worm (chance to defeat MR: 45%)
The worm resists with some effort.
You hit the orc but do no damage. You grab the orc.
You constrict the orc, but do no damage.
The orc hits you with a +0 mace. The worm bites you!
Ouch! That really hurt!
You are too injured to fight recklessly!
You release your grip on the orc.
The orc misses you.
You climb upwards.
There is a stone staircase leading down here.
You hit the orc. You grab the orc.
The orc is moderately wounded.
You constrict the orc, but do no damage.
The orc closely misses you. The worm misses you.
You hit the orc but do no damage.
The orc is moderately wounded.
You constrict the orc. The orc hits you with a +0 mace.
* * * LOW HITPOINT WARNING * * *
You hit the orc.
The orc is severely wounded.
You constrict the orc, but do no damage.
The worm closely misses you. The orc hits you with a +0 mace.
You die...

##.########.#
#.#.........#
##.###...####
#.##.....###
#############.#.......##
#.......................
#..######.###.#.......##
#..######.# #...........
#..##.o@w.###.###...#.##
#..##.####..........#.##
#..##.#####..####.#.#.#
#..##.##..............#
#..##............)..####
#..#.#.#.##..######.....
#...###..##..# ######
##.#.#.#.##..#
#...........)#


You could see a worm and an orc.

Vanquished Creatures
  3 bats (D:1)
  A giant cockroach (D:1)
  A goblin (D:1)
  A hobgoblin (D:1)
  2 ball pythons
  A frilled lizard (D:1)
  4 kobolds (D:1)
  A rat (D:1)
14 creatures vanquished.

Notes
Turn   | Place    | Note
-------+----------+-------------------------------------------
     0 | D:1      | MisterOstroum the Octopode Sloth Apostle began the quest
                  | for the Orb.
     0 | D:1      | Reached XP level 1. HP: 14/14 MP: 2/2
   427 | D:1      | Reached XP level 2. HP: 20/20 MP: 3/3
  1024 | D:1      | Slain by an orc

Action                   || total
-------------------------++-------
Melee: Short sword       ||    31
       Tentacles         ||     8
       Constrict         ||     8
Throw: Stone             ||     2
 Cast: Slow              ||     2
 Stab: Sleeping          ||     4
Armor: Skin              ||     4
Dodge: Dodged            ||    14
Block: Medium shield     ||     2
